 Dungeon Crawl Stone Soup version 0.31-a0-479-g91c9547826 (webtiles) character file.

Game seed: 6794758198580476889

93 Ethylacetat the Trooper (level 4, -8/2 HPs)
             Began as a Vine Stalker Monk on Aug 7, 2023.
             Killed by divine providence
             ... invoked by an orc priest
              (10 damage)
             ... on level 3 of the Dungeon.
             The game lasted 00:03:29 (2542 turns).

Ethylacetat the Trooper (Vine Stalker Monk)         Turns: 2542, Time: 00:03:30

Health: -8/2       AC: 15    Str: 15    XL:     4   Next: 62%
Magic:  0/7        EV: 33    Int: 10    God:
Gold:   209        SH:  0    Dex: 17    Spells: 6/6 levels left

rFire   . . .        a - melded +0 hand axe
rCold   . . .        d - melded orb {light}
rNeg    . . .        j - melded +0 plate armour
rPois   ∞            (helmet currently unavailable)
rElec   +            (cloak currently unavailable)
rCorr   .            (gloves currently unavailable)
SInv    .            (boots currently unavailable)
Will    .....        (no amulet)
Stlth   ++           (no ring)
HPRegen 1.00/turn    (no ring)
MPRegen 0.10/turn

%: guardian spirit
@: storm-form, blinkbolt cooldown, flying
A: cleaving, insubstantial, flying, reduced hp, (fangs 2), regeneration 1, magic
shield, (antimagic bite), no potion heal 2
a: Blinkbolt, Begin Untransformation


You were on level 3 of the Dungeon.
You were a lightning-filled tempest!
You visited 1 branch of the dungeon, and saw 3 of its levels.

You collected 209 gold pieces.

Inventory:

Hand Weapons
 a - a +0 hand axe (melded)
Armour
 d - an orb of light (melded)
 j - a +0 plate armour (melded)
Talismans
 e - a storm talisman (active)
Wands
 o - a wand of quicksilver (7)
 p - a wand of flame (30)
Scrolls
 b - 2 scrolls of identify {unknown}
 g - 2 scrolls of blinking {unknown}
 h - 2 scrolls of teleportation {unknown}
 k - a scroll of amnesia {unknown}
 l - a scroll of fog {unknown}
 m - a scroll of revelation {unknown}
 n - a scroll of immolation {unknown}
Potions
 c - 2 potions of ambrosia
 f - a potion of curing {unknown}
 i - a potion of resistance {unknown}


   Skills:
 + Level 3.2 Fighting
 - Level 2.7 Axes
 - Level 2.4 Dodging
 + Level 1.8 Spellcasting
 * Level 2.2 Shapeshifting


You had 6 spell levels left.
You didn't know any spells.
Your spell library contained the following spells:

 Spells                   Type           Power      Damage    Failure   Level
 Frozen Ramparts          Ice            0%         1d1       67%         3
 Petrify                  Tmut/Erth      0%         N/A       97%         4
 Metabolic Englaciation   Hex/Ice        0%         N/A       100%        5
 Summon Forest            Summ/Tloc      0%         N/A       100%        5
 Eringya's Noxious Bog    Tmut/Pois      0%         4d6       100%        6
 Summon Hydra             Summ           0%         N/A       100%        7


Dungeon Overview and Level Annotations

Branches:
Dungeon (3/15)

Altars:
Vehumet


Innate Abilities, Weirdness & Mutations

You are a lightning-filled tempest!
Your electrical attacks strike out in all directions at once.
You are incredibly evasive.
Your insubstantial body is immune to petrification, constriction, and being set on fire You are flying.
Your maximum health is decreased, since you lack skill for your form.
Your armour is entirely melded.
You are incapable of wielding weapons or throwing items.
You are immune to poison.
((You have extremely sharp teeth.))
Your natural rate of healing is unusually fast.
When hurt, damage is shared between your health and your magic reserves.
((Your bite disrupts and absorbs the magic of your enemies.))
Potions cannot restore your health.


Message History

You miss the bat. Your punch misses the bat. The bat completely misses you.
You buffet the bat!
You kill the bat!
No target in view!
You reach down and open the door.
There is an open door here.
You reach down and open the door.
There is an open door here.
There is an open door here.
There is an open door here.
There is a stone staircase leading up here.
An orc comes into view. It is wielding a +0 flail.
The orc shouts!
You hear a shout! x3
An orc comes into view. It is wielding a +0 short sword.
You barely miss the orc. The orc completely misses you.
You batter the orc!!
You kill the orc!
You batter the orc!!
You kill the orc!
An orc comes into view. It is wielding a +0 club.
Items here: )) [ †.
You hit the orc. Lightning courses through the orc!
You kill the orc!
Found a human corpse.
Found a roughly hewn altar of Beogh.
An orc priest comes into view. It is wielding a +0 dagger.
An orc priest is nearby!
Okay, then.
Aiming: Blinkbolt
Press: ? - help, Dir - move target, f - orc priest
Aim: an orc priest, wielding a +0 dagger (85% to hit)
The shock of your passage misses the orc priest.
You blink.
The orc priest completely misses you.
Unknown command.
You closely miss the orc priest. The orc priest completely misses you.
An orc comes into view. It is wielding a +0 whip.
You barely miss the orc priest.
The orc priest invokes the aid of Beogh against you.
Beogh smites you!
Ouch! That really hurt!
You die...

#.#####.###
########(# #.###
#.....##.# #....
###)###..#.# #####
#.....##.#.#
##.)...##...########
#8.#.#.8#...##.....#
##§###o####.##.....##
##.vo## #.##.......
#.....# #.##.....##
#8.....8# #.##.....#
##.8)8.####.########
###_###....# ###
#.#### #.# ### ##.##
##.##
##...######.#.##


You could see an orc priest and an orc.

Vanquished Creatures
  An orc priest (D:3)
  An adder (D:2)
  A dart slug (D:1)
  7 orcs (D:3)
  5 endoplasms
  3 giant cockroaches
  3 goblins
  5 hobgoblins
  3 kobolds (D:1)
  3 ball pythons
  5 bats
  A frilled lizard (D:1)
  4 rats
42 creatures vanquished.

Notes
Turn   | Place    | Note
-------+----------+-------------------------------------------
     0 | D:1      | Ethylacetat the Vine Stalker Monk began the quest for the
                  | Orb.
     0 | D:1      | Reached XP level 1. HP: 11/11 MP: 2/2
   295 | D:1      | Reached XP level 2. HP: 13/16 MP: 3/3
  1068 | D:2      | Reached skill level 1 in Shapeshifting
  1440 | D:2      | Reached skill level 1 in Spellcasting
  1642 | D:2      | Reached skill level 3 in Fighting
  1642 | D:2      | Reached XP level 3. HP: 18/20 MP: 5/5
  2049 | D:3      | Found a radiant altar of Vehumet.
  2410 | D:3      | Gained mutation: Your natural rate of healing is unusually
                  | fast. [Vine Stalker growth]
  2410 | D:3      | Reached XP level 4. HP: 2/24 MP: 7/7
  2537 | D:3      | Found the +7 staff of the Meek {protect, meekguard}
  2542 | D:3      | Killed from afar by an orc priest

Illustrated notes

Levels and vault maps discovered:
D:1:      dpeg_chamrin_arrival_tetris, layout_loops_ring
D:2:      layout_loops_corners, minmay_misc_feat_columns
D:3:      layout_loops_cross, vehumet_altar_wand_db, dk_noncrumbling_4,
          pf_guarded_unrand_meek

Skill      XL: |  1  2  3 |
---------------+----------+-----
Shapeshifting  | 1 2 |  2.2
Spellcasting   | 1 |  1.8
Fighting       | 3 |  3.2
Axes           | |  2.7
Dodging        | |  2.4

Action                     |  1- 3 |  4- 6 || total
---------------------------+-------+-------++-------
  Melee: Hand axe          |    61 |       ||    61
         Bite              |    13 |       ||    13
         Unarmed           |    28 |    10 ||    38
Ability: Blinkbolt         |     2 |     1 ||     3
   Stab: Sleeping          |     1 |       ||     1
 Armour: Robe              |     3 |       ||     3
         Plate armour      |    18 |       ||    18
         Skin              |     2 |     1 ||     3
  Dodge: Dodged            |    53 |     8 ||    61
   Form: Storm             |     2 |       ||     2
                           |     1 |       ||     1

Table legend: (Time is in decaauts)
 A = Elapsed time spent in this place.
 B = Non-inter-level travel time spent in this place.
 C = Inter-level travel time spent in this place.
 D = Time resting spent in this place.
 E = Time spent auto-exploring this place.
 F = Levels seen in this place.
 G = Mean time per level.
                   A        B        C        D        E       F      G
               +--------+--------+--------+--------+--------+-----+--------+
         Total |   2551 |   2469 |     82 |      0 |   2150 |   3 |  850.3 |
       Dungeon |   2551 |   2469 |     82 |      0 |   2150 |   3 |  850.3 |
               +--------+--------+--------+--------+--------+-----+--------+

Top non-repeatable levels by time:
     D:1: 963 daAuts
     D:2: 940 daAuts
     D:3: 647 daAuts
